 Dungeon Crawl Stone Soup version 0.31.0-32-g396128a36d (webtiles) character file.

Game seed: 5248523937721782983

105168 Peloso the Tortoise (level 15, -15/144 HPs)
             Began as a Minotaur Fighter on Mar 24, 2024.
             Was a High Priest of Okawaru.
             Killed from afar by a deep elf knight (18 damage)
             ... with a lance of force
             ... on level 1 of the Elven Halls.
             The game lasted 01:23:26 (29872 turns).

Peloso the Tortoise (Minotaur Fighter)             Turns: 29872, Time: 01:23:27

Health: -15/144    AC: 17    Str: 23    XL:     15   Next: 94%
Magic:  16/16      EV:  8    Int:  5    God:    Okawaru [*****.]
Gold:   1382       SH: 19    Dex: 15    Spells: 14/14 levels left

rFire   . . .        a - +7 Throatcutter {drain, coup de grace}
rCold   . . .        d - +0 tower shield
rNeg    . . .        c - +0 plate armour
rPois   .            (helmet currently unavailable)
rElec   .            (cloak currently unavailable)
rCorr   .            (gloves currently unavailable)
SInv    .            (boots currently unavailable)
Will    ++...        S - amulet of regeneration Stlth
                     e - +4 ring of slaying
HPRegen 1.24/turn    A - ring of willpower
MPRegen 0.15/turn

%: no passive effects
@: on fire, beast-form, glowing, studying Alchemy
A: beast (slay +4), horns 2, retaliatory headbutt
a: Begin Untransformation, Renounce Religion, Heroism, Finesse, Duel


You were on level 1 of the Elven Halls.
You worshipped Okawaru.
Okawaru was extremely pleased with you.
You were a hulking beast.
You visited 5 branches of the dungeon, and saw 24 of its levels.
You visited the Abyss 1 time.
You also visited: Sewer and Ossuary.

You collected 2178 gold pieces.
You spent 796 gold pieces at shops.

Inventory:

Hand Weapons
 a - the +7 Throatcutter (weapon) {drain, coup de grace}
   (You found it on level 4 of the Dungeon)
 b - the +0 long sword "Ofrehoh" {freeze, rPois}
   (You bought it in a shop on level 2 of the Orcish Mines)

   rPois:     It protects you from poison
Missiles
 t - a throwing net (quivered)
Armour
 c - a +0 plate armour (worn)
 d - a +0 tower shield (worn)
 h - a +0 pair of boots of rampaging
 k - the +0 pair of boots of Virtue {Fly rC- Will+ Str+4}
   (You found it on level 13 of the Dungeon)

   Str+4:     It affects your strength (+4).
   rC-:       It makes you vulnerable to cold.
   Will+:     It increases your willpower.
   Fly:       It grants you flight.
 s - a +1 scale mail of fire resistance
Jewellery
 e - a +4 ring of slaying (left hand)
 i - the ring "Daonim" {Fire ^Drain Int+4 Slay+3}
   (You found it on level 13 of the Dungeon)

   [ring of fire]

   Fire:      It enhances your fire magic.
   Int+4:     It affects your intelligence (+4).
   Slay+3:    It affects your accuracy & damage with ranged weapons and melee
   (+3).
   rF+:       It protects you from fire.
   rC-:       It makes you vulnerable to cold.
   ^Drain:    It drains your maximum health when unequipped.
 j - the ring of Uqoith {MP+9 Dex+4 Stlth+}
   (You found it on level 13 of the Dungeon)

   [ring of magical power]

   Dex+4:     It affects your dexterity (+4).
   MP+9:      It affects your magic capacity (+9).
   Stlth+:    It makes you more stealthy.
 o - an amulet of guardian spirit
 A - a ring of willpower (right hand)
 C - a ring of see invisible
 N - the amulet of Vehumet's Vengeance {RegenMP rC+ rCorr Int-3}
   (You found it on level 9 of the Dungeon)

   [amulet of magic regeneration]

   RegenMP:   It increases your rate of magic regeneration.
   Int-3:     It affects your intelligence (-3).
   rC+:       It protects you from cold.
   rCorr:     It protects you from acid and corrosion.
 S - an amulet of regeneration (around neck)
 U - the amulet "Ohyv" {Acrobat -Tele rElec rN++ Slay+2}
   (You found it on level 5 of the Lair of Beasts)

   [amulet of the acrobat]

   Acrobat:   It increases your evasion while moving and waiting.
   Slay+2:    It affects your accuracy & damage with ranged weapons and melee
   (+2).
   rElec:     It insulates you from electricity.
   rN++:      It greatly protects you from negative energy.
   -Tele:     It prevents most forms of teleportation.
Talismans
 r - a beast talisman (active)
 u - a talisman of death
 W - the granite talisman of Gluttony {Str+3 Int+3 Dex+2 Stlth-}
   (You found it on level 5 of the Lair of Beasts)

   [granite talisman]

   Str+3:     It affects your strength (+3).
   Int+3:     It affects your intelligence (+3).
   Dex+2:     It affects your dexterity (+2).
   Stlth-:    It makes you less stealthy.
Scrolls
 f - a scroll of revelation
 g - 3 scrolls of identify
 l - a scroll of blinking
 n - 3 scrolls of teleportation
 q - 5 scrolls of fog
 v - 5 scrolls of amnesia
 x - 2 scrolls of fear
 O - 3 scrolls of enchant armour
Potions
 m - 4 potions of cancellation
 p - 5 potions of enlightenment
 E - a potion of haste
 G - 3 potions of resistance
 P - 3 potions of invisibility
 T - 2 potions of curing


   Skills:
 + Level 16.0 Fighting
 + Level 17.0 Long Blades
 + Level 17.2 Armour
 + Level 4.6 Dodging
 + Level 3.4 Stealth
 + Level 14.7 Shields
 + Level 3.2 Invocations
 + Level 0.9 Evocations
 + Level 7.1 Shapeshifting


You had 14 spell levels left.
You didn't know any spells.
Your spell library contained the following spells:

 Spells                   Type           Power      Damage    Failure   Level
 Apportation              Tloc           0%         N/A       100%        1
 Kiss of Death            Conj/Necr      0%         2d5       100%        1
 Magic Dart               Conj           0%         1d3       100%        1
 Necrotise                Necr           0%         1d4       100%        1
 Sting                    Conj/Alch      0%         1d3       100%        1
 Blink                    Tloc           0%         N/A       100%        2
 Jinxbite                 Hex            0%         N/A       100%        2
 Lesser Beckoning         Tloc           0%         N/A       100%        2
 Mercury Vapours          Alch/Air       0%         N/A       100%        2
 Momentum Strike          Conj/Tloc      0%         3d8       100%        2
 Searing Ray              Conj           0%         2d4       100%        2
 Sublimation of Blood     Necr           0%         N/A       100%        2
 Vampiric Draining        Necr           0%         2d6       100%        3
 Fulminant Prism          Conj/Alch      0%         3d5       100%        4
 Olgreb's Toxic Radiance  Alch           0%         N/A       100%        4
 Alistair's Intoxication  Alch           0%         N/A       100%        5
 Borgnjor's Vile Clutch   Necr/Erth      0%         N/A       100%        5
 Curse of Agony           Necr           0%         N/A       100%        5
 Yara's Violent Unravell  Hex/Alch       0%         3d3       100%        5
 Eringya's Noxious Bog    Alch           0%         4d6       100%        6
 Enfeeble                 Hex            0%         N/A       100%        7
 Summon Small Mammal      Summ           Unusable   N/A       N/A         1
 Martyr's Knell           Necr/Summ      Unusable   N/A       N/A         4
 Haunt                    Necr/Summ      Unusable   N/A       N/A         7
 Spellforged Servitor     Conj/Summ      Unusable   N/A       N/A         7
 Infestation              Necr           Unusable   N/A       N/A         8
 Dragon's Call            Summ           Unusable   N/A       N/A         9

Dungeon Overview and Level Annotations

Branches:
Dungeon (15/15)            Temple (1/1) D:5            Lair (5/5) D:10
 Shoals (0/4) Lair:3        Snake (0/4) Lair:2        Slime (0/5) Lair:4
    Orc (2/2) D:12            Elf (1/3) Orc:2        Vaults (0/5) D:14
 Depths (0/4) D:15          Sewer (visited)         Ossuary (visited)

Altars:
Ashenzari
Cheibriados
Dithmenos
Elyvilon
Fedhas
Gozag
Hepliaklqana
Kikubaaqudgha
Makhleb
Nemelex Xobeh
Okawaru
Qazlal
Ru
Sif Muna
Trog
Uskayaw
Vehumet
Wu Jian
Xom
Yredelemnul
Zin
The Shining One

Shops:
D:14 =[*   Orc:2 ![(?

Annotations:
D:12 Casa


Innate Abilities, Weirdness & Mutations

You are a hulking beast.
Your limbs bulge with bestial killing power. (Slay +4)
You have a pair of horns on your head.
You reflexively headbutt those who attack you in melee.


Message History

* * * LOW HITPOINT WARNING * * *
You feel better. The liquid fire burns you!
* * * LOW HITPOINT WARNING * * *
The fire elemental closely misses you. You furiously retaliate!
You headbutt the fire elemental!
The deep elf pyromancer gestures wildly while chanting.
The deep elf pyromancer blinks!
The deep elf zephyrmancer gestures wildly while chanting.
The deep elf zephyrmancer blinks!
You feel better. The liquid fire burns you!
* * * LOW HITPOINT WARNING * * *
The fire elemental barely misses you.
The deep elf pyromancer mumbles some strange words.
The deep elf pyromancer blinks!
The deep elf zephyrmancer mumbles some strange words.
The deep elf zephyrmancer blinks!
You block the fire elemental's attack.
You hit something but do no damage. The liquid fire burns you!
* * * LOW HITPOINT WARNING * * *
The deep elf pyromancer mumbles some strange words.
The deep elf pyromancer blinks!
The deep elf zephyrmancer casts a spell.
The deep elf zephyrmancer blinks!
You block the fire elemental's attack.
You hit the deep elf zephyrmancer. You drain the deep elf zephyrmancer.
Your attack snaps the deep elf zephyrmancer out of its fear.
The deep elf zephyrmancer is severely wounded.
The liquid fire burns you!
* * * LOW HITPOINT WARNING * * *
The fire elemental barely misses you. You furiously retaliate!
You headbutt the fire elemental!!
You destroy the fire elemental!
The fire elemental disappears in a puff of smoke!
The deep elf pyromancer gestures wildly while chanting.
The deep elf pyromancer blinks!
You hear some strange, mumbled words.
A lance of force appears from out of thin air!
The lance of force hits you!!
You die...

###..⌠..#..⌠..#
##########.#.....#.....#
#..........'.....#..<..#
#.###......#.....#)....#
#.# #)######..⌠..#).⌠..#
#.# #.# ###.[..(......#
##.###.# #)#############
##...##.# #.##{e.......
#.......####.##)h.......
........##..>##.#§...§..
................#§..§...
.....)...#.#######.....#
.........#.# .....#
........##.# ###.##
#...)?.###.# ...§.
##....## #.# ##e##
##.#.# #.#


You could see a deep elf pyromancer (fleeing) and a deep elf zephyrmancer
(drained).

Vanquished Creatures
  2 liches (D:13)
  The ghost of Maxmaps the Warrior, an adept FoSk of Cheibriados (D:13)
  A deep elf sorcerer (Elf:1)
  The ghost of Peloso the Fencer, a journeyman MiFi of Okawaru (Lair:5)
  The ghost of Dirphi Vium the Fighter, a journeyman MiBe of Trog (D:13)
  The ghost of Cicylist the Cleaver, a journeyman FoFi of Okawaru (D:14)
  The ghost of Syis the Ripper, a journeyman FeBe of Trog (D:13)
  A minotaur (D:14)
  Snorg (D:13)
  A yaktaur captain (D:14)
  A rakshasa (D:15)
  3 catoblepae
  An ice dragon (D:14)
  A merfolk avatar (Lair:5)
  8 centaur warriors
  7 hydras
  6 boulder beetles
  3 death yaks (Lair:4)
  A demonic crawler (Lair:1)
  4 two-headed ogres
  Urug (D:11)
  3 orc high priests
  Sonja (D:12)
  A deep elf knight (Elf:1)
  2 skysharks (Lair:5)
  5 skeletal warriors
  2 storm dragon skeletons (D:15)
  A spark wasp zombie (D:15)
  A sea snake (Lair:5)
  A spatial maelstrom (Abyss:2)
  An arcanist (D:13)
  A flayed ghost (D:15)
  A deep elf archer (Elf:1)
  A necromancer (D:15)
  An orc knight (Orc:1)
  A deep elf zephyrmancer (Elf:1)
  5 deep elf pyromancers
  5 orc sorcerers (Orc:1)
  14 ugly things
  A worldbinder (Abyss:2)
  3 manticores
  2 black mambas (Lair:4)
  2 kobold blastminers (Orc:1)
  2 meliai (Lair:5)
  16 elephants
  2 torpor snails (Lair:4)
  8 cane toads
  The ghost of Engrim the Covered, a novice DsFi of Gozag (D:5)
  A gargoyle (D:14)
  Maggie (Lair:1)
  An orange demon (Orc:1)
  9 rime drakes
  10 komodo dragons
  A freezing wraith (D:15)
  2 yaktaurs (D:14)
  2 kobold demonologists
  2 ancient zymes (Abyss:2)
  4 trolls
  6 polar bears
  A queen bee (Lair:5)
  A wind drake (Lair:5)
  A hornet (shapeshifter) (D:14)
  9 blink frogs
  2 hornets (Lair:5)
  A raiju (Orc:1)
  7 dream sheep
  A snapping turtle (Lair:3)
  Prince Ribbit (Lair:2)
  Sigmund (D:5)
  8 slime creatures
  2 shadows
  2 wraiths
  5 wyverns
  A water elemental (Lair:3)
  4 basilisks
  A fire elemental (Elf:1)
  Grum (D:11)
  A fire bat (Orc:1)
  A human (shapeshifter) (D:14)
  58 yaks
  3 steam dragons
  6 vampire mosquitoes
  2 wargs
  Menkaure (D:7)
  2 swamp worms (Lair:1)
  A two-headed ogre zombie (D:12)
  Edmund (D:6)
  2 acid dragons
  A hell hound (Orc:1)
  9 water moccasins
  An ice beast (D:6)
  19 orc warriors
  2 black bears
  A black bear (shapeshifter) (D:15)
  5 ogres
  5 laughing skulls
  16 wolves
  17 centaurs
  2 phantoms (D:12)
  A weeping skull (D:13)
  4 kobold brigands
  A brain worm (Sewer)
  2 gnoll sergeants
  13 bullfrogs
  2 scorpions
  A burial acolyte (Ossuary)
  11 wights
  17 killer bees
  4 electric eels
  A howler monkey (D:10)
  A bombardier beetle (D:4)
  5 jellies
  30 orc priests
  4 gnoll boudas
  Terence (D:2)
  Jessica (D:2)
  40 orc wizards
  5 iguanas
  4 hell rats (Lair:4)
  7 ogre zombies (D:12)
  A mummy (Ossuary)
  Robin (D:1)
  30 gnolls
  7 adders
  A river rat (Sewer)
  2 white imps (D:7)
  2 ufetubi (D:6)
  4 ribbon worms
  3 dart slugs
  63 orcs
  15 bats
  5 endoplasms
  7 giant cockroaches
  3 gnoll zombies (D:12)
  12 goblins
  14 hobgoblins
  9 jackals
  4 quokkas
  5 ball pythons
  9 frilled lizards
  12 gnoll skeletons
  28 kobolds
  3 kobold skeletons (Ossuary)
  9 orc skeletons
  18 orc zombies (D:12)
  6 rats
  A spectral orc (D:13)
  A butterfly (Lair:3)
805 creatures vanquished.

Vanquished Creatures (others)
  An orc priest (Orc:2)
  2 orc wizards
3 creatures vanquished.

Grand Total: 808 creatures vanquished

Notes
Turn   | Place    | Note
-------+----------+-------------------------------------------
     0 | D:1      | Peloso the Minotaur Fighter began the quest for the Orb.
     0 | D:1      | Reached XP level 1. HP: 19/19 MP: 0/0
   125 | D:1      | Reached XP level 2. HP: 27/27 MP: 1/1
   754 | D:2      | Noticed Robin
   758 | D:2      | Reached XP level 3. HP: 29/33 MP: 2/2
  1066 | D:1      | Killed Robin
  1140 | D:2      | Found a burning altar of Makhleb.
  1168 | D:2      | Reached XP level 4. HP: 17/40 MP: 3/3
  1442 | D:2      | Noticed Jessica
  1446 | D:2      | Killed Jessica
  1693 | D:2      | You fall into a shaft and drop 2 floors!
  1710 | D:4      | Noticed a scorpion
  1721 | D:4      | Killed a scorpion
  1722 | D:4      | Reached skill level 1 in Dodging
  1722 | D:4      | Reached skill level 5 in Shields
  1722 | D:4      | Reached XP level 5. HP: 44/46 MP: 4/4
  1750 | D:3      | Reached skill level 5 in Armour
  1754 | D:3      | Found a glowing drain.
  1834 | Sewer    | Entered a sewer
  2060 | Sewer    | Reached XP level 6. HP: 53/53 MP: 5/5
  2717 | D:3      | Got Sif Muna's Catalogue of the Commander
  2970 | D:2      | Noticed Terence
  2978 | D:2      | Killed Terence
  3149 | D:2      | Found a faded altar of an unknown god.
  4295 | D:4      | Reached skill level 5 in Long Blades
  4295 | D:4      | Reached XP level 7. HP: 33/60 MP: 6/6
  4419 | D:4      | Found the +7 Throatcutter {drain, coup de grace}
  4448 | D:4      | Reached skill level 1 in Shapeshifting
  4712 | D:5      | Entered Level 5 of the Dungeon
  4798 | D:5      | Found a runed translucent door.
  4824 | D:5      | Noticed Engrim's ghost (novice DsFi)
  4893 | D:5      | Reached skill level 5 in Fighting
  4898 | D:5      | Reached skill level 1 in Stealth
  5059 | D:5      | Found a staircase to the Ecumenical Temple.
  5074 | Temple   | Entered the Ecumenical Temple
  5089 | Temple   | Became a worshipper of Warmaster Okawaru
  5214 | D:5      | Noticed Sigmund
  5220 | D:5      | Killed Sigmund
  5221 | D:5      | Reached XP level 8. HP: 47/68 MP: 7/7
  5747 | D:6      | Reached * piety under Okawaru
  5831 | D:6      | Noticed Edmund
  5839 | D:6      | Killed Edmund
  6453 | D:7      | Reached ** piety under Okawaru
  6494 | D:7      | Found a radiant altar of Vehumet.
  6551 | D:7      | Reached XP level 9. HP: 74/75 MP: 8/8
  6566 | D:7      | Found a sand-covered staircase.
  6573 | Ossuary  | Entered an ossuary
  6659 | Ossuary  | Found an ancient bone altar of Kikubaaqudgha.
  6929 | D:7      | Noticed Menkaure
  6935 | D:7      | Killed Menkaure
  7911 | D:8      | Found a broken altar of Ashenzari.
  7938 | D:8      | Reached *** piety under Okawaru
  8201 | D:8      | Reached skill level 10 in Long Blades
  8422 | D:8      | Reached **** piety under Okawaru
  8491 | D:8      | Reached XP level 10. HP: 83/86 MP: 7/9
  8670 | D:8      | Found a shimmering altar of Xom.
  9061 | D:9      | Identified the amulet of Vehumet's Vengeance {RegenMP rC+
                  | rCorr Int-3}
  9229 | D:9      | Identified the +2 robe of the Barracuda {Harm *Corrode
                  | rElec SInv}
  9575 | Abyss:2  | Cast into level 2 of the Abyss (gnoll sergeant)
  9740 | Abyss:2  | Noticed a wretched star
  9747 | Abyss:2  | Noticed a worldbinder
  9749 | Abyss:2  | Noticed a black mamba
  9773 | Abyss:2  | Found a corrupted altar of Lugonu.
  9807 | Abyss:2  | Noticed a spatial maelstrom
  9814 | Abyss:2  | Killed a spatial maelstrom
  9814 | Abyss:2  | Reached ***** piety under Okawaru
  9927 | Abyss:2  | Noticed a worldbinder
  9945 | Abyss:2  | Killed a worldbinder
  9956 | D:9      | Escaped the Abyss
 10381 | D:10     | Entered Level 10 of the Dungeon
 10394 | D:10     | Reached skill level 10 in Armour
 10522 | D:10     | Reached XP level 11. HP: 81/97 MP: 6/10
 10731 | D:10     | Found a staircase to the Lair.
 10806 | D:10     | Found a white marble altar of Elyvilon.
 10829 | D:10     | Received a gift from Okawaru
 11262 | D:11     | Noticed a two-headed ogre
 11277 | D:11     | Killed a two-headed ogre
 11676 | D:11     | Noticed Urug
 11687 | D:11     | Killed Urug
 11794 | D:11     | Noticed a two-headed ogre
 11798 | D:11     | Noticed Grum
 11799 | D:11     | Killed a two-headed ogre
 11799 | D:11     | Received a gift from Okawaru
 11806 | D:11     | Killed Grum
 11974 | D:11     | Found a faded altar of an unknown god.
 11974 | D:11     | Found a faded altar of an unknown god.
 11976 | D:11     | Found a hazy altar of Hepliaklqana.
 12060 | Lair:1   | Entered Level 1 of the Lair of Beasts
 12123 | Lair:1   | Reached skill level 10 in Fighting
 12262 | Lair:1   | Noticed a demonic crawler
 12779 | Lair:1   | Killed a demonic crawler
 12981 | Lair:1   | Noticed Maggie
 12993 | Lair:1   | Killed Maggie
 12994 | Lair:1   | Reached XP level 12. HP: 63/107 MP: 7/11
 13252 | Lair:1   | Received a gift from Okawaru
 13357 | Lair:1   | Found a hazy altar of Hepliaklqana.
 13716 | Lair:2   | Noticed Prince Ribbit
 13827 | Lair:2   | Killed Prince Ribbit
 14098 | Lair:2   | Found a staircase to the Snake Pit.
 14251 | Lair:2   | Found a transporter.
 14253 | Lair:2   | Found a transporter.
 14254 | Lair:2   | Noticed a boulder beetle
 14254 | Lair:2   | Noticed a boulder beetle
 14858 | Lair:3   | Noticed an eight-headed hydra
 14863 | Lair:3   | Reached skill level 5 in Shapeshifting
 14966 | D:12     | Received a gift from Okawaru
 15428 | D:12     | Found a staircase to the Orcish Mines.
 15510 | D:12     | Noticed Sonja
 15516 | D:12     | Killed Sonja
 15841 | Orc:1    | Entered Level 1 of the Orcish Mines
 15846 | Orc:1    | Noticed an orc high priest
 15865 | Orc:1    | Killed an orc high priest
 15865 | Orc:1    | Reached ****** piety under Okawaru
 16297 | Orc:1    | Received a gift from Okawaru
 16598 | Orc:1    | Found a shimmering altar of Xom.
 16779 | Orc:2    | Entered Level 2 of the Orcish Mines
 16791 | Orc:2    | Noticed an orc high priest
 16876 | Orc:1    | Reached skill level 10 in Shields
 16879 | Orc:1    | Reached XP level 13. HP: 108/118 MP: 12/12
 17276 | Orc:1    | Reached skill level 1 in Invocations
 18013 | Orc:2    | Paralysed by an orc sorcerer for 5 turns
 18078 | Orc:2    | Found an iron altar of Okawaru.
 18320 | Orc:2    | Found a staircase to the Elven Halls.
 18354 | Orc:2    | Received a gift from Okawaru
 18542 | Orc:2    | Found Qesyxuro's Antique Weapon Boutique.
 18542 | Orc:2    | Found Wonli's Magic Scroll Boutique.
 18543 | Orc:2    | Found Qoteit's Antique Armour Shop.
 18547 | Orc:2    | Found Ycaytroe's Distillery.
 18560 | Orc:2    | Bought a slimy long sword for 263 gold pieces
 18560 | Orc:2    | Identified the +0 long sword "Ofrehoh" {freeze, rPois} (You
                  | bought it in a shop on level 2 of the Orcish Mines)
 18561 | Orc:2    | Bought a scroll of blinking for 90 gold pieces
 18561 | Orc:2    | Bought a scroll of teleportation for 36 gold pieces
 18561 | Orc:2    | Bought a scroll of identify for 24 gold pieces
 18570 | Orc:2    | Bought a scroll of identify for 24 gold pieces
 18570 | Orc:2    | Bought a scroll of identify for 24 gold pieces
 18723 | Orc:2    | Bought a potion of heal wounds for 50 gold pieces
 18723 | Orc:2    | Bought a potion of heal wounds for 50 gold pieces
 18723 | Orc:2    | Bought a potion of heal wounds for 50 gold pieces
 19202 | D:13     | Noticed Snorg
 19211 | D:13     | Killed Snorg
 19378 | D:13     | Found a runed translucent gate.
 19378 | D:13     | Found a runed translucent gate.
 19378 | D:13     | Found a runed translucent gate.
 19380 | D:13     | Found an ancient bone altar of Kikubaaqudgha.
 19380 | D:13     | Noticed a lich
 19380 | D:13     | Noticed a lich
 19380 | D:13     | Noticed Syis's ghost (journeyman FeBe)
 19380 | D:13     | Noticed Maxmaps's ghost (adept FoSk)
 19381 | D:13     | Noticed Dirphi Vium's ghost (journeyman MiBe)
 19688 | D:13     | Found a basalt altar of Yredelemnul.
 19841 | D:14     | Found a sparkling altar of Nemelex Xobeh.
 20178 | Lair:3   | Reached skill level 15 in Long Blades
 20207 | Lair:3   | Received a gift from Okawaru
 20330 | Lair:3   | Reached skill level 15 in Armour
 20630 | Lair:3   | Found a runed translucent door.
 20792 | Lair:3   | Reached XP level 14. HP: 89/129 MP: 14/14
 20964 | Lair:3   | Found a staircase to the Shoals.
 21499 | Lair:4   | Found a staircase to the Slime Pits.
 21699 | Lair:4   | Received a gift from Okawaru
 22576 | D:14     | Found a runed translucent gate.
 22576 | D:14     | Found a runed translucent gate.
 22577 | D:14     | Found a runed translucent gate.
 22584 | D:14     | Noticed Cicylist's ghost (journeyman FoFi)
 22657 | D:14     | Paralysed by a hornet for 2 turns
 22676 | D:14     | Received a gift from Okawaru
 22783 | D:14     | Found Unamoewk's Armour Emporium.
 22833 | D:14     | Found Esybably's Jewellery Shop.
 22923 | D:14     | Found Ybbyereh's Assorted Antiques.
 23137 | D:14     | Found a gate to the Vaults.
 23371 | D:15     | Entered Level 15 of the Dungeon
 23796 | D:15     | Found a staircase to the Depths.
 23841 | D:15     | Received a gift from Okawaru
 24069 | D:15     | Found an ancient bone altar of Kikubaaqudgha.
 24303 | D:15     | Reached skill level 15 in Fighting
 24410 | D:15     | Reached XP level 15. HP: 119/141 MP: 15/15
 24990 | D:5      | Killed Engrim's ghost
 25204 | Lair:2   | Received a gift from Okawaru
 25879 | D:14     | Killed Cicylist's ghost
 26685 | Lair:5   | Entered Level 5 of the Lair of Beasts
 26806 | Lair:5   | Received a gift from Okawaru
 26953 | Lair:5   | Found a transporter.
 26955 | Lair:5   | Found a transporter.
 26955 | Lair:5   | Noticed Peloso's ghost (journeyman MiFi)
 27539 | Lair:5   | Identified the amulet "Ohyv" {Acrobat -Tele rElec rN++
                  | Slay+2}
 27554 | Lair:5   | Identified the granite talisman of Gluttony {Str+3 Int+3
                  | Dex+2 Stlth-}
 28041 | Lair:5   | Killed Peloso's ghost
 28041 | Lair:5   | Received a gift from Okawaru
 28420 | D:14     | Bought a potion of heal wounds for 185 gold pieces
 29282 | D:13     | Killed a lich
 29286 | D:13     | Killed a lich
 29311 | D:13     | Killed Maxmaps's ghost
 29317 | D:13     | Killed Syis's ghost
 29348 | D:13     | Killed Dirphi Vium's ghost
 29588 | D:13     | Identified the +0 pair of boots of Virtue {Fly rC- Will+
                  | Str+4}
 29591 | D:13     | Identified the ring "Daonim" {Fire ^Drain Int+4 Slay+3}
 29594 | D:13     | Identified the ring of Uqoith {MP+9 Dex+4 Stlth+}
 29608 | D:13     | Got Kikubaaqudgha's Essays on Diablerie
 29764 | Elf:1    | Entered Level 1 of the Elven Halls
 29788 | Elf:1    | Noticed a deep elf sorcerer
 29861 | Elf:1    | Killed a deep elf sorcerer
 29872 | Elf:1    | HP: 2/144 [burnt (7)]
 29872 | Elf:1    | Killed from afar by a deep elf knight

Illustrated notes

Levels and vault maps discovered:
D:1:      minmay_arrival_hallway, layout_basic
D:2:      layout_basic, serial_rivers, chequers_serial_rivers_room_a,
          chequers_serial_rivers_small_3, chequers_serial_rivers_room_b,
          chequers_serial_rivers_micro_c, chequers_serial_rivers_micro_c,
          basic_altar, shapermc_ecumenical_altar_mp_vishouse, uniq_terence,
          uniq_robin, uniq_jessica
D:3:      layout_rooms, portal_sewer_entry_a
D:4:      layout_loops_ring, dilly_guarded_unrand_throatcut
D:5:      layout_loops_ring, minmay_temple_entry_glassed_door,
          ebering_ghost_reflecting_pool, kennysheep_small_circle, uniq_sigmund
D:6:      layout_basic, uniq_edmund
D:7:      layout_cave_pods, lemuel_doored_altar, chequers_ossuary_entry_cave,
          uniq_menkaure
D:8:      layout_basic, general_overflow_altar, cheibrodos_ashenzari_chains
D:9:      layout_loops_ring
D:10:     layout_basic, lemuel_crystal_altar, erik_lair_orcish_takeover
D:11:     layout_basic, nicolae_hepliaklqana_ecumenical_no_more, uniq_urug,
          uniq_grum
D:12:     layout_cave_pools, zombieorc2_lemuel, uniq_sonja
D:13:     layout_basic, gammafunk_ghost_crypt, grunt_decor_one_mirror,
          yredelemnul_forgotten_temple_becter, uniq_snorg
D:14:     layout_rooms, david_vaults_2, serial_shops,
          nicolae_shop_advertising_works [nicolae_subvault_shop_adworks], shop,
          shop, maelrawn_ghost_gauntlet_escape,
          nemelex_xobeh_ov_fountains_minmay
D:15:     gammafunk_depths_entry_grave, layout_basic,
          nicolae_kikubaaqudgha_miasma_corner, minmay_misc_feat_rugged
Temple:   dpeg_three_leaves_temple
Lair:1:   layout_cave_pods, basic_altar, nicolae_quartered_pool_little,
          worms_lemuel, uniq_maggie
Lair:2:   gammafunk_boulding_lane, layout_chaotic_city, dummy_snake_entry,
          uniq_prince_ribbit2
Lair:3:   gammafunk_lair_enchanted_lake, layout_chaotic_city,
          minmay_shoals_entry_hut, lemuel_fruit_fields
Lair:4:   layout_cave_pods, minmay_slime_entry_pillars, st_stairs_3
Lair:5:   gammafunk_lair_ancient_temple, layout_long_grid, serial_rivers,
          chequers_serial_rivers_micro_b, chequers_serial_rivers_room_a,
          chequers_serial_rivers_micro_e, chequers_serial_rivers_room_b,
          chequers_serial_rivers_micro_a, chequers_serial_rivers_small_b,
          gammafunk_ghost_hive, minivault_26
Orc:1:    layout_caves, basic_altar, regret_index_xom_of_box
Orc:2:    st_orc_mages, layout_diamond_mine, nicolae_orc_beogh_chapel,
          okawaru_metal_pillars_1_2
Elf:1:    nicolae_elf_arrival_fired_up, layout_loops_ring,
          hangedman_elf_disciples, minmay_shop_star

Skill      XL: |  1  2  3  4  5  6  7  8  9 10 11 12 13 14 15 |
---------------+----------------------------------------------+-----
Armour         | 4 5 6 8 10 12 13 15 16 17 | 17.2
Shields        | 4 5 6 7 9 10 11 12 14 | 14.7
Fighting       | 4 5 6 7 9 10 12 13 15 16 | 16.0
Long Blades    | 3 5 6 8 10 11 13 14 15 17 | 17.0
Dodging        | 1 2 3 4 |  4.6
Shapeshifting  | 2 3 4 5 6 7 |  7.1
Stealth        | 1 2 3 |  3.4
Invocations    | 1 2 3 |  3.2
Evocations     | |  0.9

Action                     |  1- 3 |  4- 6 |  7- 9 | 10-12 | 13-15 || total
---------------------------+-------+-------+-------+-------+-------++-------
  Melee: Long sword        |    75 |   129 |   214 |   541 |   983 ||  1942
         Headbutt          |     7 |    25 |    41 |   118 |   270 ||   461
 Invoke: Heroism           |       |       |       |     4 |    22 ||    26
  Evoke: Wand              |       |       |       |     5 |     9 ||    14
    Use: Scroll            |     2 |     6 |     7 |    13 |    15 ||    43
         Potion            |       |       |     1 |     7 |    14 ||    22
   Stab: Sleeping          |       |       |     1 |       |       ||     1
         Distracted        |       |       |       |     1 |       ||     1
 Armour: Scale mail        |    90 |   100 |     3 |       |       ||   193
         Skin              |       |       |    30 |       |       ||    30
         Plate armour      |       |       |   140 |   544 |   941 ||  1625
  Dodge: Dodged            |    65 |    89 |    93 |   244 |   318 ||   809
  Block: Buckler           |    20 |    45 |    60 |   206 |   193 ||   524
         Tower shield      |       |       |       |       |   416 ||   416
   Form: Beast             |       |     1 |       |       |       ||     1
